 Dungeon Crawl Stone Soup version 0.20.1-1-g8b1a95d (webtiles) character file.

354 Jawreze the Chopper (level 6, -15/55 HPs)
             Began as a Deep Dwarf Fighter on Aug 27, 2017.
             Killed from afar by ThereIsNoGod's ghost (18 damage)
             ... with a puff of frost
             ... on level 4 of the Dungeon on Aug 29, 2017.
             The game lasted 00:04:57 (2433 turns).

Jawreze the Chopper (Deep Dwarf Fighter)            Turns: 2433, Time: 00:04:57

Health: -15/55     AC:  6    Str: 20    XL:     6   Next: 35%
Magic:  6/6        EV:  7    Int:  8    God:
Gold:   121        SH: 10    Dex: 14    Spells: 5/5 levels left

rFire    . . .     SeeInvis .   a - +0 war axe
rCold    . . .     Gourm    .   c - +0 shield
rNeg     . . .     Faith    .   b - +0 scale mail
rPois    .         Spirit   .   (no helmet)
rElec    .         Reflect  .   (no cloak)
rCorr    .         Harm     .   (no gloves)
MR       .....                  (no boots)
Stlth    ..........             (no amulet)
Regen    0.0/turn               (no ring)
MPRegen  0.1/turn               (no ring)

@: non-regenerating
A: damage resistance, heal wounds, sense surroundings 1, no regeneration
a: Heal Wounds


You were on level 4 of the Dungeon.
You were not hungry.

You visited 1 branch of the dungeon, and saw 4 of its levels.

You collected 121 gold pieces.

Inventory:

Hand Weapons
 a - a +0 war axe (weapon)
Missiles
 u - 3 poisoned javelins (quivered)
Armour
 b - a +0 scale mail (worn)
 c - a +0 shield (worn)
Jewellery
 g - an uncursed amulet of harm {unknown}
 s - an uncursed amulet of the gourmand {unknown}
Wands
 t - a wand of paralysis (5/24)
Scrolls
 e - 3 scrolls of blinking {unknown}
 h - 2 scrolls of immolation {unknown}
 k - 3 scrolls of remove curse {unknown}
 l - a scroll of magic mapping {unknown}
 m - 2 scrolls of identify {unknown}
 o - a scroll of fear {unknown}
 p - a scroll of recharging {unknown}
 q - a scroll of amnesia {unknown}
 v - a scroll of teleportation {unknown}
Potions
 d - a potion of might
 i - a potion of ambrosia {unknown}
 n - 2 potions of curing {unknown}
 r - a potion of flight {unknown}
Comestibles
 f - 6 bread rations
 j - 2 meat rations
 w - 2 chunks of flesh


   Skills:
 - Level 2.6 Fighting
 * Level 6.0 Axes
 - Level 3.2 Armour
 + Level 5.4 Shields


You had 5 spell levels left.
You didn't know any spells.

Dungeon Overview and Level Annotations

Branches:
Dungeon (4/15)
 Temple: D:4-7

Altars:
Nemelex Xobeh
Xom

Annotations:
D:4 ThereIsNoGod's ghost, novice DrIE


Innate Abilities, Weirdness & Mutations

You are resistant to damage.
You can heal yourself by infusing magical energy.
You passively map a small area around you.
You do not regenerate.


Message History

ThereIsNoGod's ghost is severely damaged.
You block ThereIsNoGod's ghost's attack.
You hit ThereIsNoGod's ghost.
ThereIsNoGod's ghost is severely damaged.
ThereIsNoGod's ghost points at you and mumbles some strange words.
You are frozen.
* * * LOW HITPOINT WARNING * * *
You hit ThereIsNoGod's ghost.
ThereIsNoGod's ghost is severely damaged.
ThereIsNoGod's ghost hits you.
* * * LOW HITPOINT WARNING * * *
You miss ThereIsNoGod's ghost.
ThereIsNoGod's ghost is severely damaged.
ThereIsNoGod's ghost hits you.
You hit ThereIsNoGod's ghost but do no damage.
ThereIsNoGod's ghost is severely damaged.
You block ThereIsNoGod's ghost's attack.
ThereIsNoGod's ghost points at you and mumbles some strange words.
The puff of frost hits you!
You die...

#.# W..,, #.#*
.... #.# ..... *
#####.##.#... ,
#####.<..........
#..............#
* *
.#####.###.....#
* **#. #W##.$#* *
, , , .. #@#* .#
, ######.###.## ,
* #..#
#.........., #..#
#.######.#. *
#..# ##.## * ,
#..# ###...###.#
* #..#
#...#.....# #..#
#.#...###.###
#..#
#.##........%


You could see ThereIsNoGod's ghost.

Vanquished Creatures
  Sigmund (D:3)
  Ijyb (D:3)
  Natasha (twice) (D:3)
  3 gnolls (D:3)
  3 adders
  A dart slug (D:1)
  A leopard gecko (D:1)
  An orc (D:3)
  A ball python (D:3)
  5 bats
  2 giant cockroaches
  4 goblins
  4 hobgoblins
  4 jackals (D:3)
  4 kobolds
  A quokka (D:3)
  2 frilled lizards (D:2)
  5 rats
45 creatures vanquished.

Vanquished Creatures (others)
  Natasha (D:3)
1 creature vanquished.

Grand Total: 46 creatures vanquished

Notes
Turn   | Place    | Note
-------+----------+-------------------------------------------
     0 | D:1      | Jawreze the Deep Dwarf Fighter began the quest for the Orb.
     0 | D:1      | Reached XP level 1. HP: 20/20 MP: 1/1
   475 | D:1      | Reached XP level 2. HP: 24/27 MP: 2/2
   605 | D:2      | Reached skill level 3 in Axes
   663 | D:2      | Found a shimmering altar of Xom.
   811 | D:2      | Reached XP level 3. HP: 27/33 MP: 3/3
   961 | D:2      | Found a sparkling altar of Nemelex Xobeh.
  1407 | D:3      | Noticed Natasha
  1412 | D:3      | Killed Natasha
  1412 | D:3      | Reached skill level 4 in Axes
  1412 | D:3      | Reached XP level 4. HP: 16/40 MP: 4/4
  1474 | D:3      | Noticed Sigmund
  1495 | D:3      | Killed Sigmund
  1495 | D:3      | Reached skill level 5 in Axes
  1495 | D:3      | Reached skill level 5 in Shields
  1495 | D:3      | Reached XP level 5. HP: 23/46 MP: 5/5
  1589 | D:3      | Noticed Natasha
  1597 | D:3      | Killed Natasha
  1753 | D:3      | Noticed Natasha
  1763 | D:3      | Killed Natasha
  1763 | D:3      | Reached XP level 6. HP: 43/55 MP: 6/6
  1837 | D:3      | Noticed Ijyb
  1862 | D:3      | Paralysed by Ijyb for 2 turns
  1867 | D:3      | Killed Ijyb
  2042 | D:3      | Reached skill level 6 in Axes
  2354 | D:4      | Noticed ThereIsNoGod's ghost (novice DrIE)
  2433 | D:4      | Killed from afar by ThereIsNoGod's ghost

Skill      XL: |  1  2  3  4  5  6 |
---------------+-------------------+-----
Axes           | 3 4 5 6 |  6.0
Shields        | 4 5 |  5.4
Fighting       | |  2.6
Armour         | |  3.2

Action                   |  1- 3 |  4- 6 || total
-------------------------+-------+-------++-------
Melee: War axe           |    79 |    99 ||   178
Throw: Javelin           |       |     7 ||     7
 Abil: Heal Wounds       |       |     2 ||     2
  Eat: Chunk             |     2 |     3 ||     5
Armor: Scale mail        |    45 |    38 ||    83
Dodge: Dodged            |    19 |    21 ||    40
Block: Shield            |    53 |    32 ||    85
